 Dungeon Crawl Stone Soup version 0.29.1-15-g9cfb28693d (webtiles) character file.

Game seed: 5937873813140841655

814 Farfigtubin the Chopper (level 7, 0/62 HPs)
             Began as a Hill Orc Fighter on Feb 27, 2023.
             Slain by an orc warrior
             ... wielding a +0 halberd
              (9 damage)
             ... on level 8 of the Dungeon on Feb 28, 2023.
             The game lasted 00:29:52 (5620 turns).

Farfigtubin the Chopper (Hill Orc Fighter)          Turns: 5620, Time: 00:29:52

Health: 0/62       AC:  9    Str: 21    XL:     7   Next: 93%
Magic:  7/7        EV: 12    Int:  8    God:
Gold:   251        SH:  9    Dex: 10    Spells: 6/6 levels left

rFire   . . .      SeeInvis .   a - +0 war axe
rCold   . . .      Faith    .   c - +0 kite shield
rNeg    . . .      Spirit   .   b - +0 scale mail
rPois   +          Reflect  .   (no helmet)
rElec   .          Harm     .   (no cloak)
rCorr   .          Rampage  .   t - +0 pair of gloves
Will    .....                   r - +0 pair of boots
Stlth   ..........              (no amulet)
HPRegen 0.20/turn               i - ring of poison resistance
MPRegen 0.10/turn               B - +4 ring of evasion

@: no status effects
A: no striking features
a: no special abilities


You were on level 8 of the Dungeon.
You visited 2 branches of the dungeon, and saw 9 of its levels.

You collected 323 gold pieces.
You spent 72 gold pieces at shops.

Inventory:

Hand Weapons
 a - a +0 war axe (weapon)
Missiles
 f - 40 stones (quivered)
 C - 2 silver javelins
Armour
 b - a +0 scale mail (worn)
 c - a +0 kite shield (worn)
 r - a +0 pair of boots (worn)
 t - a +0 pair of gloves (worn)
Jewellery
 i - a ring of poison resistance (left hand)
 B - a +4 ring of evasion (right hand)
Wands
 k - a wand of iceblast (21)
 q - a wand of mindburst (2)
 x - a wand of digging (8)
Scrolls
 e - 3 scrolls of identify
 h - 2 scrolls of immolation {unknown}
 j - 2 scrolls of teleportation {unknown}
 m - 3 scrolls of enchant armour {unknown}
 s - a scroll of enchant weapon {unknown}
 u - a scroll of acquirement {unknown}
 w - a scroll of magic mapping {unknown}
 y - a scroll of poison {unknown}
 z - a scroll of fear {unknown}
Potions
 d - a potion of might
 g - a potion of flight {unknown}
 l - 3 potions of haste
 n - 3 potions of curing
 o - 2 potions of brilliance {unknown}
 p - a potion of magic {unknown}
 v - 3 potions of heal wounds
 A - a potion of lignification {unknown}


   Skills:
 + Level 5.8 Fighting
 * Level 7.5 Axes
 + Level 5.3 Armour
 + Level 5.3 Shields


You had 6 spell levels left.
You didn't know any spells.
Your spell library was empty.

Dungeon Overview and Level Annotations

Branches:
Dungeon (8/15)             Temple (1/1) D:4
   Lair: D:8-11

Altars:
Ashenzari
Cheibriados
Dithmenos
Elyvilon
Fedhas
Gozag
Hepliaklqana
Kikubaaqudgha
Makhleb
Nemelex Xobeh
Okawaru
Qazlal
Ru
Sif Muna
Trog
Uskayaw
Vehumet
Xom
Yredelemnul
Zin
The Shining One

Shops:
D:1 *   D:3 *

Portals:
Bailey: D:8

Annotations:
D:2 1 runed translucent door, Crazy Yiuf


Message History

You closely miss the orc. The orc hits you but does no damage.
The orc warrior barely misses you.
You slash the orc!
You kill the orc!
You block the orc warrior's attack.
The orc warrior hits you from afar with a +0 halberd.
The orc hits you with a +0 flail!
You hit the orc.
You kill the orc!
The howler monkey hoots and howls with incredible vigour!
The orc warrior hits you from afar with a +0 halberd!
You hear a loud, deep croak!
You slash the orc!
You kill the orc!
You hear the faint creaking of a portcullis very nearby.
The orc warrior hits you from afar with a +0 halberd.
You slash the howler monkey!
The howler monkey is severely wounded.
The howler monkey misses you.
The orc warrior hits you from afar with a +0 halberd.
The howler monkey hits you but does no damage.
You block the orc warrior's attack.
You closely miss the howler monkey.
The howler monkey is severely wounded.
The howler monkey hoots and howls with incredible vigour!
The orc warrior closely misses you. The howler monkey hits you.
You slash the howler monkey!
You kill the howler monkey!
The orc warrior hits you from afar with a +0 halberd!
* * * LOW HITPOINT WARNING * * *
You feel much better.
The orc warrior hits you from afar with a +0 halberd!
The orc warrior hits you but does no damage.
Items here: ))) [[ †.
You closely miss the orc warrior.
The orc warrior hits you with a +0 halberd!!
* * * LOW HITPOINT WARNING * * *
You barely miss the orc warrior.
The orc warrior hits you with a +0 halberd!
You die...

#..# #...........
#..# ##.#.#.#....
##..###....#.#..#
........#..#....##.
.#..###...##..#....
# ##........#
#.##.....##.
#.#.........
#.@#.....##.
#.....o##........
..##.#...###.####.
.8...... .#
8.....8.... .#
.....[....####
.......|..#
..∩....8..


You could see an orc warrior.

Vanquished Creatures
  Sigmund (D:2)
  An ice beast (D:5)
  2 necrophages
  A howler monkey (D:8)
  A jelly (D:4)
  A hound (D:3)
  2 gnoll boudas (D:5)
  An orc wizard (D:8)
  10 gnolls
  4 adders
  3 worms
  2 dart slugs
  4 orcs
  11 endoplasms
  2 giant cockroaches
  10 goblins
  9 hobgoblins
  5 quokkas
  12 ball pythons
  8 bats
  8 frilled lizards
  12 kobolds
  5 rats
115 creatures vanquished.

Vanquished Creatures (others)
  2 plants (D:1)
2 creatures vanquished.

Grand Total: 117 creatures vanquished

Notes
Turn   | Place    | Note
-------+----------+-------------------------------------------
     0 | D:1      | Farfigtubin the Hill Orc Fighter began the quest for the
                  | Orb.
     0 | D:1      | Reached XP level 1. HP: 19/19 MP: 1/1
   219 | D:1      | Reached skill level 3 in Axes
   226 | D:1      | Reached XP level 2. HP: 19/27 MP: 2/2
   445 | D:1      | Found a faded altar of an unknown god.
   675 | D:1      | Reached XP level 3. HP: 33/33 MP: 3/3
   697 | D:1      | Found Foskebla's General Store.
  1107 | D:3      | Reached skill level 4 in Axes
  1206 | D:2      | Reached XP level 4. HP: 28/40 MP: 4/4
  1308 | D:2      | Found a bloodstained altar of Trog.
  1471 | D:3      | Found a blossoming altar of Fedhas.
  1472 | D:3      | Found a glowing silver altar of Zin.
  1657 | D:3      | Found a shadowy altar of Dithmenos.
  1658 | D:3      | Found an ancient bone altar of Kikubaaqudgha.
  1659 | D:3      | Found an iron altar of Okawaru.
  1807 | D:4      | Noticed a necrophage
  2003 | D:4      | Reached XP level 5. HP: 43/47 MP: 5/5
  2224 | D:3      | Found Defif Xilu's Assorted Antiques.
  2497 | D:2      | Reached skill level 5 in Axes
  2934 | D:2      | Noticed Sigmund
  2951 | D:2      | Killed Sigmund
  2952 | D:2      | Reached skill level 5 in Fighting
  2952 | D:2      | Reached XP level 6. HP: 22/56 MP: 6/6
  3149 | D:2      | Found a runed translucent door.
  3150 | D:2      | Noticed Crazy Yiuf
  3300 | D:1      | Bought a potion of degeneration for 12 gold pieces
  3305 | D:1      | Bought a potion of heal wounds for 60 gold pieces
  3719 | D:4      | Reached skill level 6 in Axes
  3790 | D:4      | Found a hazy altar of Hepliaklqana.
  3854 | D:4      | Found a staircase to the Ecumenical Temple.
  3863 | Temple   | Entered the Ecumenical Temple
  3956 | D:4      | Reached XP level 7. HP: 15/61 MP: 7/7
  4194 | D:4      | Found an opulent altar of Gozag.
  4877 | D:5      | Entered Level 5 of the Dungeon
  4900 | D:5      | Reached skill level 5 in Shields
  5187 | D:4      | Reached skill level 5 in Armour
  5250 | D:6      | Reached skill level 7 in Axes
  5604 | D:8      | Found a flagged portal.
  5620 | D:8      | Slain by an orc warrior

Illustrated notes

Levels and vault maps discovered:
D:1:      dpeg_cavernosity, layout_basic, chequers_ecumenical_altar_lobes,
          serial_shops, nicolae_shop_trees
D:2:      layout_loops_ring, serial_rivers, chequers_serial_rivers_small_3,
          chequers_serial_rivers_marsh, chequers_serial_rivers_room_b,
          chequers_serial_rivers_micro_c, basic_altar, kennysheep_path_1,
          uniq_crazy_yiuf_cottage, uniq_sigmund
D:3:      layout_basic, grunt_temple_overflow_open, nicolae_overflow_squiral,
          serial_shops, nicolae_shop_behind_doors, minmay_surrounded
D:4:      layout_layer_cave, amcnicky_altar_gilded, grunt_gozag_breadcrumbs,
          minmay_temple_entry_ruins
D:5:      layout_basic
D:6:      layout_basic, kennysheep_generic_room_12
D:7:      layout_loops_ring, mainiacjoe_overflow_alcove_1
D:8:      layout_loops_ring, enter_bailey_6, blue_anna_alchemist, uniq_grum
Temple:   eino_temple_lava

Skill      XL: |  1  2  3  4  5  6  7 |
---------------+----------------------+-----
Axes           | 3 4 5 6 7 |  7.5
Fighting       | 4 5 |  5.8
Shields        | 4 5 |  5.3
Armour         | 4 5 |  5.3

Action                   |  1- 3 |  4- 6 |  7- 9 || total
-------------------------+-------+-------+-------++-------
Melee: War axe           |   112 |   150 |   101 ||   363
Throw: Stone             |       |    12 |     2 ||    14
Evoke: Wand              |       |     3 |       ||     3
  Use: Scroll            |       |     1 |       ||     1
       Potion            |       |       |     1 ||     1
Armor: Scale mail        |    41 |    57 |    36 ||   134
Dodge: Dodged            |    66 |    63 |    37 ||   166
Block: Buckler           |    15 |       |       ||    15
       Kite shield       |    18 |    64 |    39 ||   121
